 Dungeon Crawl Stone Soup version 0.22-a0-3-g4fa69d9 (webtiles) character file.

21427 grindst0ne the Cleaver (level 13, -7/96 HPs)
             Began as a Formicid Abyssal Knight on Jan 1, 2018.
             Was a High Priest of Lugonu.
             Mangled by Snorg (12 damage)
             ... on level 4 of the Lair of Beasts.
             The game lasted 00:53:48 (15450 turns).

grindst0ne the Cleaver (Formicid Abyssal Knight)   Turns: 15450, Time: 00:53:49

Health: -7/96      AC: 20    Str: 21    XL:     13   Next: 19%
Magic:  18/19      EV: 13    Int: 13    God:    Lugonu [*****.]
Gold:   857        SH:  6    Dex: 10    Spells: 12/12 levels left

rFire    . . .     SeeInvis +   F - +1 battleaxe (flame)
rCold    + . .     Gourm    .   e - +0 buckler
rNeg     . . .     Faith    .   B - +0 plate armour
rPois    .         Spirit   .   (helmet unavailable)
rElec    .         Reflect  .   s - +1 cloak
rCorr    .         Harm     .   p - +0 pair of gloves
MR       +....                  x - +0 pair of boots
Stlth    ..........             i - amulet of regeneration
HPRegen  0.66/turn              N - +6 ring of evasion
MPRegen  0.16/turn              E - ring of protection from cold

@: lethally poisoned (-7 -> -8)
A: permanent stasis, dig shafts and tunnels, four strong arms, antennae 3
a: Dig, Shaft Self, Depart the Abyss, Bend Space, Banish, Corrupt, Enter the
Abyss, Renounce Religion


You were on level 4 of the Lair of Beasts.
You worshipped Lugonu.
Lugonu was extremely pleased with you.
You were not hungry.

You visited 2 branches of the dungeon, and saw 15 of its levels.
You visited the Abyss 1 time.
You also visited: Ossuary.

You collected 1004 gold pieces.
You spent 147 gold pieces at shops.

Inventory:

Hand Weapons
 F - a +1 battleaxe of flaming (weapon)
 Q - the +5 war axe of Context {freeze, rElec rF+ MP+9 Str+4}
   (You found it on level 2 of the Lair of Beasts)

   It has been specially enchanted to freeze those struck by it, causing extra
   injury to most foes and up to half again as much damage against particularly
   susceptible opponents.
   It can also slow down cold-blooded creatures.
   It affects your strength (+4).
   It protects you from fire.
   It insulates you from electricity.
   It affects your magic capacity (+9).
Missiles
 y - 3 throwing nets
 A - 4 poisoned tomahawks (quivered)
Armour
 e - a +0 buckler (worn)
 p - a +0 pair of gloves (worn)
 s - a +1 cloak (worn)
 x - a +0 pair of boots (worn)
 B - a +0 plate armour (worn)
Jewellery
 i - an amulet of regeneration (around neck)
 E - a ring of protection from cold (right hand)
 N - a +6 ring of evasion (left hand)
 T - a cursed ring of loudness {unknown}
Wands
 h - a wand of scattershot (3)
 k - a wand of enslavement (18)
 l - a wand of acid (16)
 S - a wand of iceblast (20)
Scrolls
 b - a scroll of summoning {unknown}
 d - 14 scrolls of remove curse
 m - 4 scrolls of magic mapping
 r - 3 scrolls of amnesia
 w - 2 scrolls of acquirement
 C - 4 scrolls of fear
 G - 2 scrolls of noise {unknown}
 I - 2 scrolls of enchant weapon {unknown}
 J - a scroll of torment {unknown}
 M - a scroll of immolation {unknown}
 O - 2 scrolls of enchant armour {unknown}
 P - a scroll of brand weapon {unknown}
Potions
 f - a potion of agility
 g - 3 potions of cancellation
 n - a potion of flight
 o - a potion of brilliance
 q - 2 potions of heal wounds
 t - a potion of magic
 u - 4 potions of resistance
 D - 5 potions of curing
 K - 3 potions of mutation
 V - a potion of might {unknown}
Books
 a - a book of Power

   Spells                             Type                      Level
   a - Iskenderun's Battlesphere      Conjuration/Charms           5
   b - Venom Bolt                     Conjuration/Poison           5
   c - Bolt of Magma                  Conjuration/Fire/Earth       5
   d - Iron Shot                      Conjuration/Earth            6
   e - Orb of Destruction             Conjuration                  7
   f - Spellforged Servitor           Conjuration/Summoning        7
 j - a book of Battle

   Spells                             Type                      Level
   a - Infusion                       Charms                       1
   b - Shroud of Golubria             Charms/Translocation         2
   c - Song of Slaying                Charms                       2
   d - Spectral Weapon                Hexes/Charms                 3
   e - Regeneration                   Charms/Necromancy            3
 v - a book of Geomancy

   Spells                             Type                      Level
   a - Sandblast                      Earth                        1
   b - Passwall                       Transmutation/Earth          2
   c - Stone Arrow                    Conjuration/Earth            3
   d - Petrify                        Transmutation/Earth          4
   e - Lee's Rapid Deconstruction     Earth                        5
 H - a book of Debilitation

   Spells                             Type                      Level
   a - Corona                         Hexes                        1
   b - Slow                           Hexes                        2
   c - Inner Flame                    Hexes/Fire                   3
   d - Portal Projectile              Hexes/Translocation          3
   e - Cause Fear                     Hexes                        4
   f - Leda's Liquefaction            Hexes/Earth                  4
 L - a book of Callings

   Spells                             Type                      Level
   a - Summon Small Mammal            Summoning                    1
   b - Call Imp                       Summoning                    2
   c - Call Canine Familiar           Summoning                    3
   d - Summon Guardian Golem          Hexes/Summoning              3
   e - Summon Lightning Spire         Summoning/Air                4
   f - Summon Ice Beast               Ice/Summoning                4
 R - Sif Muna's Volume of Poison and Combat Magic
   (You found it on level 4 of the Lair of Beasts)

   Spells                             Type                      Level
   a - Sting                          Conjuration/Poison           1
   b - Flame Tongue                   Conjuration/Fire             1
   c - Searing Ray                    Conjuration                  2
   d - Olgreb's Toxic Radiance        Poison                       4
   e - Bolt of Cold                   Conjuration/Ice              6
   f - Iron Shot                      Conjuration/Earth            6
Comestibles
 c - 32 rations
 U - a chunk of flesh


   Skills:
 - Level 7.1 Fighting
 * Level 13.6(13.9) Axes
   Level 4.0(9.9) Polearms
 + Level 10.6 Armour
 - Level 0.8 Dodging
 - Level 9.3 Shields
 - Level 9.0 Invocations


You had 12 spell levels left.
You didn't know any spells.

Dungeon Overview and Level Annotations

Branches:
Dungeon (10/15)            Temple (0/1) D:5            Lair (5/6) D:8
  Swamp (0/4) Lair:3       Spider (0/4) Lair:2          Orc (0/2) D:10
  Slime: Lair:5-6

Altars:
Ashenzari
Elyvilon
Fedhas
Gozag
Kikubaaqudgha
Qazlal
Ru
Trog
The Shining One
Jiyva

Shops:
D:5 *   D:10 [

Annotations:
Lair:4 Snorg


Innate Abilities, Weirdness & Mutations

You cannot be hasted, slowed, berserked, paralysed or teleported.
You can dig through walls and to a lower floor.
Your four strong arms can wield two-handed weapons with a shield.
You have a pair of large antennae on your head. (SInv)


Message History

You bump into the rock wall.
You feel sick. Snorg completely misses you. Snorg claws you! Snorg claws you.
Snorg bites you but does no damage. Snorg closely misses you. Snorg claws you!
You're too confused!
Your magical effects are unravelling.
You feel magically purged.
You feel less invigorated.
You feel less confused.
You feel a little less agile now. Snorg bites you!
* * * LOW HITPOINT WARNING * * *
Snorg claws you.
* * * LOW HITPOINT WARNING * * *
Snorg claws you.
* * * LOW HITPOINT WARNING * * *
Space bends sharply around you!
You feel jittery for a moment. Snorg barely misses you. Snorg claws you.
* * * LOW HITPOINT WARNING * * *
Snorg claws you!
* * * LOW HITPOINT WARNING * * *
Snorg bites you!
You die...

###### ####.##.#
###.P.#...####
###...P.........
#...............
####>.............
#@#{.T............
##T#..^..........#
###............##
#..............##
####.......#.....
####......#.#....
#.##............#
##.#.............#
####................#


You could see Snorg (berserk).

Vanquished Creatures
  Harold (Lair:1)
  3 hydras
  An oklob plant (Lair:4)
  2 black mambas
  4 spiny frogs
  5 rime drakes
  The ghost of nikopol the Chopper, an amateur MiBe of Trog (D:4)
  3 polar bears (Lair:1)
  A troll (D:10)
  A jumping spider (Lair:2)
  14 blink frogs
  2 hornets
  5 hippogriffs
  2 wyverns (D:10)
  7 yaks
  2 redbacks (Lair:2)
  Grum (D:8)
  A basilisk (Lair:2)
  A hungry ghost (D:9)
  Menkaure (Ossuary)
  Edmund (D:4)
  5 water moccasins
  6 porcupines
  A necrophage (D:5)
  An orc warrior (D:10)
  8 black bears
  3 ice beasts
  2 sky beasts (D:8)
  3 ogres
  3 centaurs
  A phantom (D:8)
  3 wolves (D:8)
  7 crocodiles
  10 bullfrogs
  A wyvern zombie (D:8)
  4 scorpions
  A killer bee (D:9)
  3 wights
  5 howler monkeys
  4 crimson imps
  A bullfrog zombie (D:5)
  A quasit (D:7)
  A gnoll shaman (D:6)
  5 hounds
  5 jellies
  3 orc priests
  5 orc wizards
  A bullfrog skeleton (D:4)
  An iguana (D:5)
  11 worker ants
  A hound zombie (D:7)
  3 mummies (Ossuary)
  6 gnolls
  9 adders
  8 river rats (D:5)
  2 shadow imps
  8 oozes
  An adder skeleton (D:9)
  2 worms (D:2)
  A dart slug (D:3)
  6 leopard geckos
  38 orcs
  2 ball pythons
  20 giant cockroaches
  4 gnoll zombies (Ossuary)
  6 goblins
  4 hobgoblins
  18 jackals
  10 quokkas
  A bat (D:1)
  5 frilled lizards
  5 gnoll skeletons (Ossuary)
  3 goblin zombies (Ossuary)
  3 hobgoblin skeletons (Ossuary)
  7 hobgoblin zombies (Ossuary)
  6 kobolds
  5 kobold skeletons (Ossuary)
  2 kobold zombies (Ossuary)
  2 orc skeletons (Ossuary)
  An orc zombie (Ossuary)
  18 rats
  3 rat skeletons (Ossuary)
  5 rat zombies (Ossuary)
  A fungus (Lair:4)
380 creatures vanquished.

Vanquished Creatures (others)
  A spiny frog (Lair:2)
  A jumping spider (Lair:2)
  4 blink frogs (Lair:1)
  3 orc warriors
  An ice beast (D:6)
  3 killer bees (D:8)
  2 wights (D:6)
  An orc priest (D:6)
  A gnoll skeleton (Ossuary)
  A gnoll zombie (Ossuary)
  A goblin skeleton (Ossuary)
  2 hobgoblin skeletons (Ossuary)
  A hobgoblin zombie (Ossuary)
  A kobold skeleton (Ossuary)
  A kobold zombie (Ossuary)
  An orc skeleton (Ossuary)
  A rat skeleton (Ossuary)
  3 fungi
  2 plants (Lair:5)
31 creatures vanquished.

Grand Total: 411 creatures vanquished

Notes
Turn   | Place    | Note
-------+----------+-------------------------------------------
     0 | Abyss:1  | grindst0ne the Formicid Abyssal Knight began the quest for the Orb.
     0 | Abyss:1  | Reached XP level 1. HP: 18/18 MP: 2/2
   122 | Abyss:1  | Noticed an iron imp
   124 | Abyss:1  | Noticed an iron imp
   126 | D:1      | Escaped the Abyss
   379 | D:1      | Reached XP level 2. HP: 19/24 MP: 3/3
   385 | D:1      | Reached * piety under Lugonu
   688 | D:2      | Reached skill level 1 in Shields
   839 | D:2      | Reached XP level 3. HP: 30/30 MP: 4/4
  1241 | D:2      | Reached XP level 4. HP: 38/38 MP: 6/6
  1782 | D:3      | Reached ** piety under Lugonu
  1973 | D:3      | Found a glowing golden altar of the Shining One.
  1975 | D:3      | Found a sacrificial altar of Ru.
  1976 | D:3      | Found an opulent altar of Gozag.
  1976 | D:3      | Found a shattered altar of Ashenzari.
  1978 | D:3      | Found a bloodstained altar of Trog.
  1979 | D:3      | Found a stormy altar of Qazlal.
  1986 | D:3      | Found an ancient bone altar of Kikubaaqudgha.
  2061 | D:3      | Reached skill level 1 in Polearms
  2476 | D:4      | Found a blossoming altar of Fedhas.
  2494 | D:4      | Noticed Edmund
  2507 | D:4      | Killed Edmund
  2507 | D:4      | Reached XP level 5. HP: 43/43 MP: 7/7
  2507 | D:4      | Reached XP level 6. HP: 50/50 MP: 8/8
  2886 | D:4      | Noticed nikopol's ghost (amateur MiBe)
  2912 | D:4      | Killed nikopol's ghost
  2912 | D:4      | Reached skill level 5 in Fighting
  2912 | D:4      | Reached XP level 7. HP: 44/56 MP: 8/10
  3062 | D:5      | Entered Level 5 of the Dungeon
  3179 | D:5      | Found Nigog's Assorted Antiques.
  3185 | D:5      | Bought a murky brown potion for 23 gold pieces
  3185 | D:5      | Bought a purple potion for 23 gold pieces
  3185 | D:5      | Bought a fizzy clear potion for 23 gold pieces
  3185 | D:5      | Bought a scroll labeled UNWIC AKASEIFI for 26 gold pieces
  3185 | D:5      | Bought a scroll labeled VOIKLU UWOR for 26 gold pieces
  3185 | D:5      | Bought a scroll labeled UNWIC AKASEIFI for 26 gold pieces
  3331 | D:5      | Found a staircase to the Ecumenical Temple.
  3373 | D:5      | Reached skill level 5 in Invocations
  3520 | D:5      | Reached XP level 8. HP: 48/63 MP: 10/12
  3707 | D:5      | Reached *** piety under Lugonu
  3732 | D:5      | Reached skill level 5 in Shields
  4345 | D:6      | Reached XP level 9. HP: 18/70 MP: 7/14
  5741 | D:7      | Identified 3 scrolls of acquirement
  5755 | D:7      | Found a white marble altar of Elyvilon.
  5864 | D:7      | Found a sand-covered staircase.
  5869 | Ossuary  | Entered an ossuary
  5941 | Ossuary  | Reached **** piety under Lugonu
  6111 | Ossuary  | Noticed Menkaure
  6119 | Ossuary  | Killed Menkaure
  6873 | D:7      | Reached skill level 3 in Axes
  7405 | D:8      | Reached XP level 10. HP: 47/78 MP: 16/16
  7610 | D:8      | Reached skill level 4 in Axes
  7619 | D:8      | Reached ***** piety under Lugonu
  7687 | D:8      | Found a staircase to the Lair.
  7971 | D:8      | Noticed Grum
  7977 | D:8      | Reached skill level 5 in Axes
  7990 | D:8      | Killed Grum
  8534 | D:9      | Reached skill level 6 in Axes
  9018 | D:9      | Reached skill level 7 in Axes
  9436 | D:9      | Reached skill level 5 in Armour
  9933 | D:10     | Entered Level 10 of the Dungeon
 10018 | D:10     | Reached XP level 11. HP: 63/84 MP: 17/17
 10071 | D:10     | Reached skill level 8 in Axes
 10548 | D:10     | Found Xewymema's Armour Emporium.
 10626 | D:10     | Found a viscous altar of Jiyva.
 10769 | D:10     | Found a staircase to the Orcish Mines.
 11001 | Lair:1   | Entered Level 1 of the Lair of Beasts
 11042 | Lair:1   | Reached skill level 9 in Axes
 11862 | Lair:1   | Noticed Harold
 11872 | Lair:1   | Killed Harold
 11872 | Lair:1   | Reached skill level 10 in Axes
 12501 | Lair:2   | Reached skill level 11 in Axes
 12501 | Lair:2   | Reached XP level 12. HP: 91/91 MP: 18/18
 12616 | Lair:2   | Got a dazzling war axe
 12619 | Lair:2   | Identified the +5 war axe of Context {freeze, rElec rF+ MP+9 Str+4} (You found it on level 2 of the Lair of Beasts)
 12630 | Lair:2   | Noticed a six-headed hydra
 12643 | Lair:2   | Killed a three-headed hydra
 12896 | Lair:2   | Reached skill level 12 in Axes
 13037 | Lair:2   | Found a hole to the Spider Nest.
 13428 | Lair:3   | Found a staircase to the Swamp.
 14134 | Lair:4   | Identified Sif Muna's Volume of Poison and Combat Magic
 14403 | Lair:4   | Noticed an eight-headed hydra
 14414 | Lair:4   | Killed a three-headed hydra
 14757 | Lair:4   | Reached skill level 10 in Armour
 14905 | Lair:5   | Reached skill level 13 in Axes
 15059 | Lair:5   | Reached XP level 13. HP: 96/96 MP: 19/19
 15189 | Lair:5   | Noticed a five-headed hydra
 15275 | Lair:5   | Killed a one-headed hydra
 15286 | Lair:5   | Noticed Snorg
 15450 | Lair:4   | Mangled by Snorg

Vault maps used:
D:1:      zelgadis_glass_arrival_small, minmay_distorted
D:2:      first_ration, kennysheep_potato
D:3:      minmay_roachtagon, minitemple
D:4:      fedhas_altar_1, uniq_edmund
D:5:      lemuel_ratsnest, temple_green, serial_shops, nicolae_shop_stone
D:6:      st_stairs_12, palyth_stone_intersect, sigmund_army
D:7:      elyvilon_altar_4, nicolae_ossuary_entry_plus
D:8:      lair_entry_dummy, uniq_grum
D:9:      lightli_orcish_oven
D:10:     orc_0_dummy, serial_shops, shop, hangedman_little_slice_of_home
Lair:1:   beast_lair_carwin_large_2, minmay_stone_trees_small,
          serial_bayou_pond_d, uniq_harold
Lair:2:   spider_nest_entry_a, st_stairs_9, zaba_anthole
Lair:3:   swamp_mist_pool
Lair:4:   minmay_lair_oklob_items, grunt_megastairs_4, serial_bayou_shore_b
Lair:5:   minmay_slime_entry_oklob_open, bobbens_dragon_lair_wall,
          grunt_megastairs_5, uniq_snorg
Abyss:1:  hangedman_abyss_or_decor_lesser_grid, hangedman_abyss_or_decor_stabs
Ossuary:  ossuary_due_pyramid

Skill      XL: |  1  2  3  4  5  6  7  8  9 10 11 12 |
---------------+-------------------------------------+-----
Shields        | 1 2 3 4 6 8 9 |  9.3
Fighting       | 4 5 6 7 |  7.1
Invocations    | 3 4 5 7 9 |  9.0
Polearms       | 2 3 4 |  4.0
Axes           | 3 7 11 13 | 13.6
Armour         | 5 8 10 | 10.6
Dodging        | |  0.8

Action                   |  1- 3 |  4- 6 |  7- 9 | 10-12 | 13-15 || total
-------------------------+-------+-------+-------+-------+-------++-------
Melee: Hand axe          |    41 |       |       |       |       ||    41
       Spear             |    28 |    99 |   221 |       |       ||   348
       War axe           |       |    19 |    23 |     3 |       ||    45
       Trident           |       |       |   204 |       |       ||   204
       Battleaxe         |       |       |   275 |   683 |    73 ||  1031
Throw: Tomahawk          |       |       |     3 |    12 |       ||    15
Invok: Depart the Abyss  |     1 |       |       |       |       ||     1
       Bend Space        |       |       |     3 |     7 |     6 ||    16
       Banish            |       |       |     7 |    10 |       ||    17
 Abil: Dig               |     2 |     5 |    26 |    42 |     5 ||    80
Evoke: Wand              |       |       |       |       |     1 ||     1
  Use: Potion            |       |     2 |     1 |     7 |     3 ||    13
       Scroll            |       |       |    16 |     5 |       ||    21
 Stab: Distracted        |       |       |     1 |     1 |       ||     2
  Eat: Chunk             |     1 |     6 |    15 |    35 |     1 ||    58
       Ration            |       |       |     2 |     3 |       ||     5
Armor: Leather armour    |    23 |       |       |       |       ||    23
       Chain mail        |     8 |    48 |       |       |       ||    56
       Skin              |       |    17 |    15 |       |       ||    32
       Plate armour      |       |     6 |   509 |   436 |    47 ||   998
Dodge: Dodged            |    46 |    28 |   194 |   394 |    67 ||   729
Block: Buckler           |    11 |     7 |   166 |   213 |    23 ||   420

Table legend:
 A = Spawn XP
 B = Non-spawn XP
 C = Spawn XP percentage of total XP
 D = Spawn monster count
 E = Non-spawn monster count
 F = Spawn count percentage of total count
 G = Total turns spent on level
                    A         B        C        D         E        F      G
               +---------+---------+-------+---------+---------+-------+---------
         Total |       0 |   30610 |   0.0 |       0 |     385 |   0.0 | 15450
               +---------+---------+-------+---------+---------+-------+---------
           D:1 |       0 |      20 |   0.0 |       0 |      12 |   0.0 |   554
           D:2 |       0 |      50 |   0.0 |       0 |      18 |   0.0 |   868
           D:3 |       0 |      52 |   0.0 |       0 |      26 |   0.0 |   922
           D:4 |       0 |     548 |   0.0 |       0 |      10 |   0.0 |   592
           D:5 |       0 |     975 |   0.0 |       0 |      48 |   0.0 |  1528
           D:6 |       0 |    1348 |   0.0 |       0 |      47 |   0.0 |  1126
           D:7 |       0 |     662 |   0.0 |       0 |      25 |   0.0 |  1246
           D:8 |       0 |    1604 |   0.0 |       0 |      20 |   0.0 |  1330
           D:9 |       0 |    1810 |   0.0 |       0 |      32 |   0.0 |  1258
          D:10 |       0 |    1886 |   0.0 |       0 |      30 |   0.0 |  1020
        Lair:1 |       0 |    4290 |   0.0 |       0 |      16 |   0.0 |  1271
        Lair:2 |       0 |    7907 |   0.0 |       0 |      35 |   0.0 |  1124
        Lair:3 |       0 |     797 |   0.0 |       0 |       5 |   0.0 |   687
        Lair:4 |       0 |    4408 |   0.0 |       0 |      15 |   0.0 |  1121
        Lair:5 |       0 |    4048 |   0.0 |       0 |      12 |   0.0 |   246
       Ossuary |       0 |     205 |   0.0 |       0 |      34 |   0.0 |   431
               +---------+---------+-------+---------+---------+-------+---------
